Map: Jagannatha LE

Players

MeomaikA

  • Race: Zerg Zerg

Demi - Winner!

  • Race: Zerg Zerg

Event: DreamHack SC2 Masters 2021 Winter

VOD

Have the link to the VOD?

Description

Time

  • Played on: Sept. 29, 2021, 4:28 a.m.
  • Length: 11:52

All games in this series

Show
View Real Time Build Order
Export as new Build Order

MeomaikA Zerg 

Build Orders: Pool First 

Get SALT Encoding   

  12  0:00  Drone  
  13  0:08  Drone  
  14  0:16  Overlord  
  14  0:25  Drone, Extractor  
  15  0:34  Drone x2  
  17  0:45  Spawning Pool  
  17  0:48  Drone  
  17  1:07  Hatchery  
  17  1:11  Drone  
  17  1:12  Extractor  
  17  1:16  Drone  
  17  1:31  Zergling x4  
  17  1:32  Queen  
  21  1:37  Drone  
  22  1:47  Overlord  
  22  2:05  Drone  
  22  2:07  Queen  
  25  2:09  Drone  
  25  2:12  Metabolic Boost  
  26  2:20  Drone  
  26  2:21  Drone  
  28  2:31  Drone x2  
  30  2:38  Drone  
  30  2:40  Drone x2  
  30  2:41  Drone  
  34  2:45  Overlord  
  33  2:52  Drone  
  33  2:53  Overlord  
  33  2:58  Queen  
  33  3:04  Drone x2  
  37  3:08  Queen  
  39  3:20  Drone x5  
  39  3:23  Drone  
  39  3:24  Drone  
  46  3:32  Roach Warren  
  45  3:35  Evolution Chamber x2  
  45  3:39  Drone x2  
  45  3:42  Extractor  
  45  3:43  Drone  
  45  3:45  Extractor  
  45  3:46  Overlord  
  45  3:48  Drone  
  45  3:51  Drone x2  
  47  3:56  Lair  
  47  3:58  Drone  
  48  4:09  Queen  
  50  4:21  Zerg Missile Weapons Level 1  
  50  4:22  Drone x4, Overlord  
  54  4:29  Overlord  
  54  4:30  Drone x2  
  56  4:35  Roach x2  
  56  4:36  Overlord  
  60  4:45  Queen, Overlord  
  60  4:49  Roach x2  
  66  4:58  Roach  
  66  4:59  Drone  
  69  5:01  Drone  
  69  5:04  Drone x2, Hatchery  
  69  5:06  Drone  
  72  5:08  Drone  
  72  5:13  Drone x2  
  75  5:18  Zerg Ground Armor Level 1  
  75  5:21  Queen  
  75  5:23  Drone x2  
  75  5:27  Queen  
  81  5:31  Drone  
  81  5:32  Drone  
  81  5:35  Overseer  
  83  5:37  Drone x2  
  83  5:42  Spore Crawler  
  84  5:50  Spore Crawler  
  84  5:54  Drone x3  
  84  5:55  Drone, Hatchery  
  86  6:01  Drone x2  
  86  6:02  Drone x2  
  86  6:04  Roach  
  92  6:15  Extractor  
  92  6:16  Drone x3  
  92  6:18  Overlord  
  94  6:19  Extractor  
  94  6:20  Zerg Missile Weapons Level 2  
  94  6:23  Spire  
  92  6:28  Overlord x2  
  92  6:31  Overlord  
  92  6:41  Roach x3, Overlord  
  92  6:45  Spore Crawler  
  97  6:48  Roach  
  97  6:49  Roach x2  
  103  6:57  Extractor  
  102  7:09  Drone x9  
  102  7:10  Drone, Queen  
  102  7:13  Overlord  
  114  7:27  Spore Crawler, Extractor  
  114  7:28  Extractor  
  111  7:35  Mutalisk x10  
  111  7:36  Zerg Flyer Weapons Level 1, Mutalisk  
  133  7:38  Mutalisk  
  133  7:43  Drone x3  
  138  7:44  Overlord  
  137  7:56  Glial Reconstitution  
  137  7:58  Queen, Mutalisk x2  
  137  8:00  Drone, Overlord x2  
  137  8:01  Overlord  
  140  8:26  Roach  
  135  8:27  Roach x10  
  135  8:28  Roach x4  
  135  8:29  Roach  
  135  8:31  Roach  
  135  8:32  Roach  
  135  8:35  Roach  
  135  8:37  Roach  
  135  8:38  Roach  
  125  8:42  Roach  
  125  8:45  Roach  
  125  8:51  Roach  
  125  8:55  Roach  
  120  9:01  Roach  
  116  9:07  Roach  
  116  9:08  Roach  
  116  9:11  Drone  
  116  9:13  Drone  
  118  9:18  Drone x2  
  118  9:20  Drone  
  118  9:21  Drone  
  122  9:27  Roach x2  
  126  9:34  Roach  
  126  9:35  Roach  
  130  9:40  Roach  
  130  9:45  Roach x3  
  130  9:49  Drone x2  
  130  9:50  Drone  
  130  9:51  Drone  
  134  9:58  Roach x2  
  138  10:00  Roach  
  138  10:01  Roach  
  138  10:03  Drone  
  138  10:04  Drone  
  138  10:06  Roach  
  130  10:10  Drone  
  130  10:12  Drone  
  106  10:23  Drone x4  
  106  10:25  Drone x2  
  106  10:27  Drone  
  113  10:32  Queen  
  113  10:35  Drone  
  116  10:38  Drone x2  
  116  10:41  Overlord  
  116  10:42  Queen  
  118  11:03  Roach x5  
  118  11:04  Roach x3  
  128  11:07  Roach  
  128  11:10  Roach x2  
  138  11:11  Roach  
  140  11:19  Roach x3  
  140  11:20  Roach  
  136  11:27  Roach  
  136  11:29  Roach  
  136  11:30  Roach  
  136  11:31  Roach  
Show
View Real Time Build Order
Export as new Build Order

Demi Zerg - Winner!

Build Orders: Pool First, Roach Hydra 

Get SALT Encoding   

  12  0:00  Drone  
  13  0:12  Overlord  
  13  0:16  Drone  
  14  0:30  Drone x2  
  17  0:35  Drone  
  17  0:44  Drone, Extractor  
  17  0:50  Spawning Pool  
  17  0:55  Drone  
  17  1:14  Hatchery  
  17  1:17  Drone  
  17  1:36  Queen  
  17  1:37  Zergling x2  
  20  1:41  Drone  
  20  1:45  Metabolic Boost  
  21  1:51  Overlord  
  21  1:55  Drone  
  22  2:12  Drone, Queen  
  25  2:16  Zergling x2  
  25  2:20  Baneling Nest  
  25  2:25  Drone  
  25  2:27  Drone  
  27  2:35  Drone  
  28  2:41  Drone  
  28  2:43  Drone  
  30  2:46  Drone  
  30  2:50  Overlord  
  31  2:52  Drone x2  
  33  3:14  Hatchery  
  33  3:15  Zergling x4  
  33  3:24  Zergling x2  
  33  3:25  Zergling x2  
  33  3:26  Baneling x2  
  35  3:28  Drone x3  
  35  3:29  Drone  
  35  3:32  Overlord  
  39  3:36  Zergling x4  
  39  3:39  Drone  
  39  3:40  Drone  
  43  3:47  Roach Warren  
  42  3:49  Drone  
  42  3:55  Drone x3  
  46  3:59  Overlord  
  46  4:01  Drone  
  47  4:05  Evolution Chamber  
  47  4:06  Extractor  
  47  4:07  Drone x2  
  47  4:16  Drone x3  
  47  4:17  Drone  
  51  4:21  Lair  
  51  4:27  Drone x2  
  53  4:33  Zerg Missile Weapons Level 1  
  53  4:35  Extractor  
  52  4:41  Drone x3  
  52  4:42  Overlord x2  
  52  4:44  Queen  
  57  4:53  Zergling x4  
  57  4:54  Roach  
  57  4:55  Roach x2  
  65  5:06  Drone x2  
  65  5:07  Drone x3  
  69  5:09  Overlord  
  70  5:16  Overlord  
  70  5:19  Drone x5  
  74  5:22  Queen  
  74  5:26  Queen  
  78  5:33  Roach x3  
  78  5:35  Glial Reconstitution  
  84  5:39  Overseer  
  84  5:46  Overlord  
  84  5:47  Roach  
  84  5:48  Roach x3  
  92  5:54  Drone x2  
  92  5:55  Drone x4  
  97  5:57  Overlord  
  97  5:58  Overlord  
  97  6:05  Evolution Chamber  
  97  6:10  Extractor  
  95  6:14  Overlord x3  
  95  6:15  Roach  
  95  6:16  Roach  
  99  6:24  Drone x3  
  99  6:25  Drone  
  103  6:28  Extractor  
  103  6:29  Zerg Missile Weapons Level 2  
  103  6:31  Zerg Ground Armor Level 1  
  102  6:35  Drone x3  
  102  6:36  Pneumatized Carapace  
  102  6:38  Overlord  
  105  6:44  Drone x4  
  105  6:45  Extractor  
  108  6:50  Roach x6  
  120  7:02  Roach x4  
  128  7:08  Roach  
  128  7:09  Roach x3  
  128  7:11  Hatchery  
  128  7:15  Overlord x3  
  134  7:21  Roach x3  
  140  7:24  Roach x2  
  140  7:26  Overlord  
  140  7:27  Overlord  
  140  7:29  Overseer  
  144  7:36  Roach x4  
  152  7:38  Ravager x2  
  154  7:50  Roach x4  
  154  7:51  Roach x5  
  169  7:57  Roach  
  173  8:00  Roach x3  
  173  8:03  Overlord  
  179  8:06  Queen  
  179  8:08  Hydralisk Den  
  178  8:17  Queen  
  178  8:18  Queen  
  170  8:22  Roach  
  170  8:23  Zergling x2, Roach x5  
  167  8:32  Drone x4, Spore Crawler  
  167  8:33  Drone x2  
  148  8:42  Hydralisk, Muscular Augments  
  148  8:43  Hydralisk x3  
  149  8:56  Hydralisk x6  
  149  9:00  Spore Crawler  
  122  9:11  Hydralisk  
  122  9:12  Hydralisk x4  
  122  9:13  Spore Crawler  
  122  9:16  Spore Crawler  
  129  9:26  Zergling x2, Roach x5  
  138  9:43  Roach x9  
  151  9:46  Overlord  
  151  9:49  Queen  
  151  9:54  Grooved Spines  
  151  9:56  Drone x2  
  151  9:57  Drone  
  148  10:02  Roach  
  148  10:03  Roach x5  
  143  10:09  Hydralisk x3  
  141  10:19  Hydralisk x4  
  139  10:26  Drone x2  
  139  10:28  Queen  
  141  10:31  Queen  
  143  10:38  Hydralisk  
  143  10:39  Hydralisk x3  
  143  10:40  Overseer  
  151  10:46  Overseer  
  151  10:48  Drone x2  
  151  10:49  Drone  
  154  10:53  Spore Crawler  
  153  10:57  Roach x6  
  161  11:06  Hydralisk x3, Extractor  
  161  11:07  Roach  
  161  11:09  Extractor  
  170  11:18  Roach x7  

Tags
 
Add a new tag
Caveats
  • Supply blocks, unpowered buildings, or Contaminate may cause inaccurate times.
  • Supply counts are checked every 10 seconds.